AoeStats
← 恆浪蕩

Black Forest

504680678Analyzed
4v4 RM · 25d ago on Sep 6, 2026· 40m 45s· 8 players
Game mode
Random Map
Map size
Large (8 player)
Population
200
Speed
Normal
Resources
Standard
Victory
Conquest
Starting age
Dark Age
Ending age
Imperial Age
RankedLock teamsTeams togetherTeam positionsShared explorationLock speedFull tech treeHidden civsTurbo modeCheats
Victory
Defeat
🇦🇷 Bohemians · Argentina
1610
+11
🇹🇼 Ethiopians · Taiwan
1579
+12
🇹🇼 Japanese · Taiwan
1569
+12
🇹🇼 Persians · Taiwan
1484
+16
🇨🇳 Mongols · China
1536
-15
🇨🇿 Britons · Czechia
1490
-13
🇧🇷 Persians · Brazil
1478
-12
🇨🇳 Ethiopians · China
1443
-11
craner_x
10:29 Feudal Age
11:06 Double-Bit Axe
11:26 Horse Collar
14:01 Castle Age
15:33 Bow Saw
19:53 Fervor
23:04 Wheelbarrow
23:09 Stone Mining
23:25 Heavy Plow
23:31 Gold Mining
24:37 Hand Cart
25:34 Gold Shaft Mining
25:36 Stone Shaft Mining
28:50 Imperial Age
27:08 Stone Shaft Mining
26:27 Fletching
26:28 Loom
26:28 Town Watch
27:45 Thumb Ring
27:36 Bodkin Arrow
27:42 Padded Archer Armor
28:04 Ballistics
28:54 Elite Mangudai
29:56 Conscription
29:57 Bracer
30:13 Leather Archer Armor
30:59 Chemistry
30:26 Parthian Tactics
30:57 Hoardings
31:03 Siege Engineers
30:43 Onager
33:54 Drill
34:41 Caravan
34:19 Siege Onager
35:49 Masonry
35:35 Murder Holes
35:52 Fortified Wall
36:08 Bloodlines
36:34 Husbandry
37:48 Nomads
逆·风
11:37 Feudal Age
11:52 Horse Collar
11:57 Double-Bit Axe
16:15 Castle Age
16:47 Heavy Plow
18:03 Loom
23:52 Wheelbarrow
23:37 Town Watch
24:48 Bow Saw
24:46 Gold Mining
25:56 Stone Mining
30:17 Imperial Age
28:03 Caravan
28:24 Scale Barding Armor
28:30 Forging
28:32 Husbandry
28:55 Bloodlines
29:35 Hand Cart
30:24 Chain Barding Armor
30:40 Iron Casting
30:04 Cavalier
31:06 Conscription
31:56 Two-Man Saw
32:15 Plate Barding Armor
31:03 Light Cavalry
32:00 Savar
36:35 Gold Shaft Mining
36:36 Stone Shaft Mining
36:32 Crop Rotation
37:26 Coinage
37:53 Kamandaran
39:12 Blast Furnace
38:52 Fletching
39:41 Scale Mail Armor
39:42 Padded Archer Armor
41:03 Masonry
41:14 Ballistics
41:55 Chemistry
我不吃牛肉
0:33 Loom
11:20 Feudal Age
17:06 Castle Age
15:19 Double-Bit Axe
15:49 Stone Mining
18:18 Bow Saw
25:06 Wheelbarrow
26:35 Hand Cart
26:04 Horse Collar
27:44 Heavy Plow
32:00 Imperial Age
30:09 Fletching
31:13 Bodkin Arrow
31:42 Gold Mining
31:58 Padded Archer Armor
31:21 Crossbowman
32:14 Arbalester
37:08 Leather Archer Armor
38:26 Chemistry
38:28 Forging
39:36 Ring Archer Armor
39:14 Bracer
Kumi
0:31 Loom
12:01 Feudal Age
13:38 Wheelbarrow
13:16 Town Watch
15:56 Castle Age
14:14 Double-Bit Axe
14:33 Horse Collar
15:29 Stone Mining
16:59 Bow Saw
19:25 Fletching
21:38 Wheelbarrow
21:05 Gold Mining
27:40 Imperial Age
25:32 Bodkin Arrow
27:42 Ballistics
27:30 Padded Archer Armor
27:47 Elite Longbowman
29:05 Bracer
31:11 Chemistry
31:12 Conscription
31:52 Gold Shaft Mining
32:24 Caravan
36:18 Hand Cart
36:17 Warwolf
37:01 Siege Engineers
37:46 Leather Archer Armor
39:29 Masonry
39:10 Guard Tower
39:41 Hand Cart
39:01 Pikeman
39:41 Squires
默默默默默
0:44 Loom
10:51 Feudal Age
14:34 Castle Age
12:53 Double-Bit Axe
12:56 Horse Collar
16:01 Bow Saw
16:36 Bow Saw
20:42 Fervor
26:38 Wheelbarrow
31:18 Imperial Age
29:15 Fortified Wall
28:45 Treadmill Crane
29:27 Treadmill Crane
30:49 Chemistry
29:32 Treadmill Crane
32:37 Siege Engineers
34:07 Fletching
34:18 Padded Archer Armor
34:53 Hand Cart
34:57 Masonry
34:55 Bodkin Arrow
36:07 Leather Archer Armor
37:54 Bracer
38:59 Architecture
38:50 Murder Holes
恆浪蕩
0:45 Loom
10:55 Feudal Age
16:38 Castle Age
15:17 Double-Bit Axe
15:33 Horse Collar
19:07 Bow Saw
20:57 Town Watch
23:03 Fortified Wall
25:33 Wheelbarrow
25:39 Gold Mining
30:46 Imperial Age
29:00 Heavy Plow
29:05 Treadmill Crane
30:26 Fletching
30:36 Padded Archer Armor
31:26 Thumb Ring
31:47 Ballistics
32:19 Bodkin Arrow
32:48 Hand Cart
33:12 Bracer
35:06 Chemistry
35:04 Heavy Cavalry Archer
37:20 Parthian Tactics
37:11 Leather Archer Armor
37:08 Masonry
38:02 Husbandry
38:13 Bloodlines
39:27 Ring Archer Armor
39:03 Siege Engineers
39:39 Caravan
41:17 Gold Shaft Mining
波斯小象
10:46 Feudal Age
14:39 Castle Age
13:00 Horse Collar
13:07 Double-Bit Axe
16:36 Wheelbarrow
16:47 Heavy Plow
17:01 Bow Saw
22:45 Hand Cart
22:18 Town Watch
22:30 Gold Mining
23:55 Loom
29:08 Imperial Age
27:03 Caravan
26:57 Stone Mining
28:38 Gold Shaft Mining
28:39 Stone Shaft Mining
28:31 Scale Barding Armor
29:38 Chain Barding Armor
29:28 Forging
30:09 Crop Rotation
29:55 Kamandaran
29:19 Elite War Elephant
29:41 Onager
30:44 Kamandaran
30:07 Elite War Elephant
30:50 Fletching
31:38 Crop Rotation
31:49 Plate Barding Armor
32:49 Iron Casting
35:45 Two-Man Saw
40:07 Citadels
40:14 Fletching
41:28 Blast Furnace
friend00792
11:02 Feudal Age
14:38 Castle Age
12:26 Double-Bit Axe
12:50 Horse Collar
16:00 Bow Saw
16:46 Heavy Plow
23:59 Wheelbarrow
27:53 Imperial Age
25:08 Loom
25:15 Loom
25:57 Scale Mail Armor
25:54 Gold Mining
25:54 Stone Mining
26:38 Hand Cart
27:14 Gold Shaft Mining
26:53 Town Watch
27:24 Chain Mail Armor
27:53 Onager
29:39 Chemistry
29:14 Halberdier
30:07 Squires
30:18 Forging
30:50 Plate Mail Armor
31:21 Forging
31:22 Fletching
32:22 Torsion Engines
33:07 Iron Casting
32:56 Ballistics
33:32 Iron Casting
33:02 Caravan
33:42 Bodkin Arrow
35:41 Guilds
37:38 Blast Furnace
36:39 Bracer
38:14 Conscription
39:12 Masonry
40:38 Coinage
Connection lost

Rejoining the realm…

Still unreachable

The connection could not be restored.

Session expired

The server has moved on; the page needs a fresh start.